 Dungeon Crawl Stone Soup version 0.30-a0-1157-g2cc9ac7196 (webtiles) character file.

Game seed: 8562785790310183242

30 iamoutofideas the Chopper (level 3, -1/30 HPs)
             Began as a Hill Orc Reaver on Apr 25, 2023.
             Slain by a jackal (3 damage)
             ... on level 1 of the Dungeon.
             The game lasted 00:00:59 (409 turns).

iamoutofideas the Chopper (Hill Orc Reaver)          Turns: 409, Time: 00:00:59

Health: -1/30      AC:  3    Str: 15 (16) XL:     3   Next: 18%
Magic:  5/5        EV: 11    Int: 11 (13) God:
Gold:   17         SH:  0    Dex:  7 (9)  Spells: 4/5 levels left

rFire   . . .        a - +0 hand axe
rCold   . . .        (no shield)
rNeg    . . .        b - +0 leather armour
rPois   .            (no helmet)
rElec   .            (no cloak)
rCorr   .            (no gloves)
SInv    .            (no boots)
Will    .....        (no amulet)
Stlth   +            (no ring)
HPRegen 0.25/turn    (no ring)
MPRegen 0.09/turn

%: no passive effects
@: no status effects
A: no striking features
a: no special abilities


You were on level 1 of the Dungeon.
You visited 1 branch of the dungeon, and saw 1 of its levels.

You collected 17 gold pieces.

Inventory:

Hand Weapons
 a - a +0 hand axe (weapon)
Armour
 b - a +0 leather armour (worn)
Scrolls
 d - a scroll of identify {unknown}
 e - a scroll of teleportation {unknown}
 f - a scroll of enchant weapon {unknown}
 g - a scroll of poison {unknown}
Potions
 c - a potion of degeneration


   Skills:
 - Level 2.4 Fighting
 + Level 5.6 Axes
 - Level 1.5 Dodging
 - Level 1.5 Spellcasting
 - Level 3.0 Conjurations


You had 4 spell levels left.
You knew the following spells:

 Your Spells              Type           Power      Damage    Failure   Level
a - Kiss of Death         Conj/Necr      16%        2d6       21%         1

Your spell library contained the following spells:

 Spells                   Type           Power      Damage    Failure   Level
 Momentum Strike          Conj/Tloc      8%         3d8       30%         2
 Hailstorm                Conj/Ice       4%         3d4       52%         3


Dungeon Overview and Level Annotations

Branches:
Dungeon (1/15)

Altars:


Message History

You see here a quokka corpse.
The jackal attacks as you move away!
The jackal bites you but does no damage.
Really walk into that dispersal trap?
The jackal attacks as you move away! The jackal barely misses you.
You enter a dispersal trap!
The jackal blinks!
The giant cockroach blinks!
The jackal blinks!
You blink.
The giant cockroach bites you. The jackal misses you.
You miss the jackal. You closely miss the giant cockroach.
The giant cockroach bites you but does no damage.
The jackal bites you.
* * * LOW HITPOINT WARNING * * *
You hit the jackal.
The jackal is heavily wounded.
You hit the giant cockroach.
The giant cockroach bites you but does no damage.
The jackal bites you.
* * * LOW HITPOINT WARNING * * *
The giant cockroach misses you. The jackal bites you.
* * * LOW HITPOINT WARNING * * *
It was a potion of degeneration.
There was something very wrong with that liquid.
You feel weakened.
You feel dopey.
You feel clumsy. The jackal barely misses you.
The giant cockroach closely misses you.
You slash the giant cockroach!
You kill the giant cockroach!
You closely miss the jackal. The jackal bites you.
* * * LOW HITPOINT WARNING * * *
You hit the jackal but do no damage.
The jackal is heavily wounded.
The jackal bites you.
* * * LOW HITPOINT WARNING * * *
The jackal completely misses you.
You completely miss the jackal.
The jackal is heavily wounded.
The jackal bites you but does no damage.
You closely miss the jackal.
The jackal is heavily wounded.
The jackal barely misses you. The jackal bites you.
You die...

# #......#
#~#.##...~ #
#.##..#####
♣8.''...♣ .#
#.###...†.#
#~#.##...~ .# #.#
#####.# ###.8#....
.# #.# #.####
≈≈#.##♣... .# #.#
#^...## ≈##'##♣~..
.# .. ##....#
#≈#8.8##♣## #.h..#
#≈#...###8#
#.@..####≈#...'....
#.†..'.##≈#...##8##
#....#...≈#<.8# ~#
#....###.≈######♣##
#....# #.≈≈≈≈≈≈≈≈≈≈
#....# #...........
#....# ###.###...#.
...... #.#.....#
#....... #.#.....#


You could see a jackal.

Vanquished Creatures
  3 ball pythons (D:1)
  An endoplasm (D:1)
  2 giant cockroaches (D:1)
  2 goblins (D:1)
  2 hobgoblins (D:1)
  6 jackals (D:1)
  4 kobolds (D:1)
  2 quokkas (D:1)
  2 rats (D:1)
24 creatures vanquished.

Notes
Turn   | Place    | Note
-------+----------+-------------------------------------------
     0 | D:1      | iamoutofideas the Hill Orc Reaver began the quest for the
                  | Orb.
     0 | D:1      | Reached XP level 1. HP: 18/18 MP: 3/3
   167 | D:1      | Reached XP level 2. HP: 23/25 MP: 4/4
   223 | D:1      | Reached skill level 5 in Axes
   355 | D:1      | Reached XP level 3. HP: 16/30 MP: 5/5
   407 | D:1      | HP: 1/30 [jackal (2)]
   409 | D:1      | Slain by a jackal

Illustrated notes

Levels and vault maps discovered:
D:1:      saegor_arrival_fortress, layout_basic,
          shapermc_ecumenical_altar_ellora

Skill      XL: |  1  2 |
---------------+-------+-----
Axes           | 5 |  5.6
Fighting       | |  2.4
Dodging        | |  1.5
Spellcasting   | |  1.5
Conjurations   | |  3.0

Action                     || total
---------------------------++-------
  Melee: Hand axe          ||    82
         Punch             ||     1
    Use: Potion            ||     1
 Armour: Leather armour    ||    33
  Dodge: Dodged            ||    62

Table legend: (Time is in decaauts)
 A = Elapsed time spent in this place.
 B = Non-inter-level travel time spent in this place.
 C = Inter-level travel time spent in this place.
 D = Time resting spent in this place.
 E = Time spent auto-exploring this place.
 F = Levels seen in this place.
 G = Mean time per level.
                   A        B        C        D        E       F      G
               +--------+--------+--------+--------+--------+-----+--------+
         Total |    412 |    412 |      0 |     25 |    227 |   1 |  412.0 |
       Dungeon |    412 |    412 |      0 |     25 |    227 |   1 |  412.0 |
               +--------+--------+--------+--------+--------+-----+--------+

Top non-repeatable levels by time:
     D:1: 412 daAuts
